 Dungeon Crawl Stone Soup version 0.21.1-1-g345015fe64 (webtiles) character file.

65 KleinerIrrer the Chopper (level 4, -2/28 HPs)
             Began as a Gargoyle Fighter on Apr 4, 2018.
             Slain by a gnoll (5 damage)
             ... on level 2 of the Dungeon.
             The game lasted 00:00:20 (1501 turns).

KleinerIrrer the Chopper (Gargoyle Fighter)         Turns: 1501, Time: 00:00:21

Health: -2/28      AC: 10    Str: 20    XL:     4   Next: 14%
Magic:  4/4        EV:  7    Int:  9    God:
Gold:   73         SH:  9    Dex:  9    Spells: 3/3 levels left

rFire    . . .     SeeInvis .   Y - +0 war axe
rCold    . . .     Gourm    .   c - +0 shield
rNeg     + . .     Faith    .   b - +0 scale mail
rPois    ∞         Spirit   .   (no helmet)
rElec    +         Reflect  .   (no cloak)
rCorr    .         Harm     .   (no gloves)
MR       .....                  (no boots)
Stlth    ..........             (no amulet)
HPRegen  0.09/turn              (no ring)
MPRegen  0.09/turn              (no ring)

@: no status effects
A: negative energy resistance 1, electricity resistance, unbreathing,
petrification resistance, rot immunity, AC +3
a: no special abilities


You were on level 2 of the Dungeon.
You were not hungry.

You visited 1 branch of the dungeon, and saw 2 of its levels.

You collected 73 gold pieces.


Innate Abilities, Weirdness & Mutations

You are resistant to torment.
Your stone body is resilient. (AC +3)
You are immune to poison.
You resist negative energy. (rN+)
You are resistant to electric shocks. (rElec)
You can survive without breathing.
You are immune to petrification.
You are immune to rotting.


   Skills:
 - Level 3.2 Fighting
 + Level 3.9 Axes
 - Level 3.2 Armour
 - Level 3.2 Shields


You had 3 spell levels left.
You didn't know any spells.

Inventory:

Hand Weapons
 j - a +0 mace
 Y - a +0 war axe (weapon)
Armour
 b - a +0 scale mail (worn)
 c - a +0 shield (worn)
 h - a +0 pair of gloves
 k - a +0 chain mail
Jewellery
 g - an uncursed ring of fire {unknown}
Scrolls
 a - 2 scrolls of identify
 l - a scroll of teleportation {unknown}
 n - a scroll of remove curse {unknown}
 p - a scroll of fear {unknown}
Potions
 d - a potion of might
 e - 2 potions of agility {unknown}
 i - 4 potions of curing
 m - a potion of magic {unknown}
Comestibles
 f - 5 rations
 o - 7 chunks of flesh

Dungeon Overview and Level Annotations

Branches:
Dungeon (2/15)

Altars:
Okawaru


Message History

You block the gnoll's attack. The gnoll hits you but does no damage.
You block the gnoll's attack. The gnoll hits you.
You closely miss the gnoll.
The gnoll is almost dead.
You hit the gnoll. x2
The gnoll barely misses you. You block the gnoll's attack. x2
The gnoll completely misses you. You block the gnoll's attack.
You hit the gnoll.
You kill the gnoll!
You hit the gnoll.
Your shield prevents you from hitting the gnoll.
You block the gnoll's attack.
The gnoll splashes around in the water.
Your shield prevents you from hitting the gnoll.
The gnoll is severely wounded.
You barely miss the orc. You hit the gnoll.
You kill the gnoll!
You hear a splash.
You have reached level 4!
You feel clever. The gnoll hits you.
You die...

#.#.#.#...)..###.##..#.##
#.....#####..........#.#
###.###.....####.......#
#.# #.###.####.##.####
#.# #.###.##....%.# ###
###......#.####
##.#.#g#.#(.....#
#~~~~~g#(..######
_.....o@(### #~~~~~o###
######## #.#.#.#
#......## # ## #.##.....
#.##>#.## #.##...#
#)####.# #......#
######.#


You could see 2 gnolls and 2 orcs.

Vanquished Creatures
  An adder (D:2)
  2 gnolls (D:2)
  A dart slug (D:1)
  A leopard gecko (D:1)
  4 bats (D:1)
  A giant cockroach (D:2)
  5 goblins
  7 hobgoblins
  5 kobolds
  2 frilled lizards
  3 rats
32 creatures vanquished.

Notes
Turn   | Place    | Note
-------+----------+-------------------------------------------
     0 | D:1      | KleinerIrrer the Gargoyle Fighter began the quest for the Orb.
     0 | D:1      | Reached XP level 1. HP: 14/14 MP: 1/1
     0 | D:1      | 0 ||| counter = 48
    76 | D:1      | Reached XP level 2. HP: 19/19 MP: 2/2
   425 | D:1      | Reached skill level 3 in Axes
   491 | D:1      | Reached XP level 3. HP: 23/23 MP: 3/3
   726 | D:1      | 726 ||| READING scroll labeled DANTIS ZOTZYOS.
   727 | D:1      | 727 ||| READING 2 scrolls labeled AMONEUMP ZUCO.
   728 | D:1      | 728 ||| READING scroll labeled QIOTRAVO GUOFF.
   729 | D:1      | 729 ||| READING scroll labeled VUCSIEH FOFERCH.
   730 | D:1      | 730 ||| DRINKING 2 coppery potions.
   731 | D:1      | 731 ||| DROPPING scroll of amnesia.
   907 | D:2      | 907 ||| DROPPING club.
  1488 | D:2      | Found an iron altar of Okawaru.
  1497 | D:2      | HP: 4/23 [gnoll (6)]
  1501 | D:2      | Reached XP level 4. HP: 3/28 MP: 4/4
  1501 | D:2      | Slain by a gnoll

Vault maps used:
D:1:      dpeg_arrival_connections
D:2:      okawaru_altar_gauntlet_db

Skill      XL: |  1  2 |
---------------+-------+-----
Axes           | 2 3 |  3.9
Fighting       | |  3.2
Armour         | |  3.2
Shields        | |  3.2

Action                   |  1- 3 |  4- 6 || total
-------------------------+-------+-------++-------
Melee: War axe           |   141 |       ||   141
  Use: Scroll            |     4 |       ||     4
       Potion            |     1 |       ||     1
  Eat: Chunk             |     2 |       ||     2
Armor: Scale mail        |    84 |       ||    84
Dodge: Dodged            |    49 |       ||    49
Block: Shield            |    77 |       ||    77

Table legend:
 A = Spawn XP
 B = Non-spawn XP
 C = Spawn XP percentage of total XP
 D = Spawn monster count
 E = Non-spawn monster count
 F = Spawn count percentage of total count
 G = Total turns spent on level
                    A         B        C        D         E        F      G
               +---------+---------+-------+---------+---------+-------+---------
         Total |       0 |      94 |   0.0 |       0 |      32 |   0.0 |  1501
               +---------+---------+-------+---------+---------+-------+---------
           D:1 |       0 |      38 |   0.0 |       0 |      21 |   0.0 |   758
           D:2 |       0 |      56 |   0.0 |       0 |      11 |   0.0 |   743
               +---------+---------+-------+---------+---------+-------+---------
